 Dungeon Crawl Stone Soup version 0.24-a0-537-g2d01d4a (webtiles) character file.

Game seed: 4368743636041843913

128 silentkaos13 the Sneak (level 5, -1/28 HPs)
             Began as a Kobold Enchanter on Aug 17, 2019.
             Slain by Sigmund
             ... wielding a +0 scythe
              (8 damage)
             ... on level 3 of the Dungeon.
             The game lasted 00:06:15 (2878 turns).

silentkaos13 the Sneak (Kobold Enchanter)           Turns: 2878, Time: 00:06:16

Health: -1/28      AC:  4    Str:  6    XL:     5   Next: 34%
Magic:  9/9        EV: 15    Int: 17    God:
Gold:   64         SH:  0    Dex: 15    Spells: 2/9 levels left

rFire    . . .     SeeInvis .   g - +0 dagger (elec)
rCold    . . .     Gourm    .   (shield restricted)
rNeg     . . .     Faith    .   m - +0 leather armour
rPois    .         Spirit   .   p - +0 helmet
rElec    .         Reflect  .   (no cloak)
rCorr    .         Harm     .   (no gloves)
MR       .....                  (no boots)
Stlth    +++.......             (no amulet)
HPRegen  0.09/turn              (no ring)
MPRegen  0.11/turn              (no ring)

@: no status effects
A: small, carnivore
a: no special abilities


You were on level 3 of the Dungeon.
You were full.

You visited 1 branch of the dungeon, and saw 3 of its levels.

You collected 64 gold pieces.

Inventory:

Hand Weapons
 a - a +1 dagger
 g - a +0 dagger of electrocution (weapon)
Armour
 b - a +0 robe
 m - a +0 leather armour (worn)
 p - a +0 helmet (worn)
Jewellery
 n - an uncursed ring of positive energy {unknown}
Scrolls
 c - 3 scrolls of identify {unknown}
 e - a scroll of immolation {unknown}
 j - a scroll of fog {unknown}
 k - 2 scrolls of remove curse {unknown}
 l - 2 scrolls of teleportation {unknown}
 q - a scroll of amnesia {unknown}
 r - a scroll of blinking {unknown}
 s - 2 scrolls of fear {unknown}
Potions
 f - a potion of magic {unknown}
 h - a potion of heal wounds
 i - 2 potions of brilliance {unknown}
 o - 2 potions of lignification {unknown}
Comestibles
 d - 6 rations


   Skills:
 + Level 0.3 Fighting
 + Level 2.3 Short Blades
 + Level 0.6 Armour
 + Level 3.2 Dodging
 + Level 5.5 Stealth
 * Level 2.7 Spellcasting
 * Level 3.6 Hexes


You had 2 spell levels left.
You knew the following spells:

 Your Spells              Type           Power        Failure   Level  Hunger
a - Corona                Hex            ##.....      6%          1    #......
b - Confuse               Hex            ##......     19%         3    ###....
c - Tukima's Dance        Hex            ##......     19%         3    ###....

Your spell library contained the following spells:

 Spells                   Type           Power        Failure   Level  Hunger
 Ensorcelled Hibernation  Hex/Ice        #.....       21%         2    ##.....
 Dazzling Spray           Conj/Hex       #.....       36%         3    ###....


Dungeon Overview and Level Annotations

Branches:
Dungeon (3/15)

Altars:
Yredelemnul

Annotations:
D:3 Sigmund


Innate Abilities, Weirdness & Mutations

You are small and have problems with some larger weapons.
You are carnivorous and can eat meat at any time.


Message History

You hit the leopard gecko.
Lightning courses through the leopard gecko!
You kill the leopard gecko!
You see here a leopard gecko corpse.
o - 2 sedimented yellow potions (gained 1) Sigmund the Dreaded comes into view.
He is wielding a +0 scythe.
Sigmund shouts!
Sigmund drinks a potion.
Sigmund flickers and vanishes!
Deactivating autopickup; reactivate with Ctrl-A.
Something hits you! Something hits you!
* * * LOW HITPOINT WARNING * * *
You hit something but do no damage.
It was a potion of heal wounds.
You feel much better. Something hits you!
Something hits you but does no damage. Something hits you. Something hits you!
* * * LOW HITPOINT WARNING * * *
Something hits you!
You die...

#####...........
#........######.
#........# #.
#.......## #.
#......## #.
#......# ..
#......# #..
#####......#
#...
#..@.......#
....
#.##.......#
#... #
.........#
..#+####.## #..#
.# #.. .# #.. #.


There were no monsters in sight!

Vanquished Creatures
  4 adders (D:2)
  3 oozes
  2 worms (D:2)
  2 dart slugs
  2 leopard geckos (D:3)
  4 bats (D:1)
  11 giant cockroaches
  7 goblins
  5 hobgoblins
  2 ball pythons
  7 frilled lizards
  9 kobolds
  10 rats
68 creatures vanquished.

Notes
Turn   | Place    | Note
-------+----------+-------------------------------------------
     0 | D:1      | silentkaos13 the Kobold Enchanter began the quest for the
                  | Orb.
     0 | D:1      | Reached XP level 1. HP: 10/10 MP: 3/3
   165 | D:1      | Reached XP level 2. HP: 11/15 MP: 5/5
   626 | D:1      | Reached XP level 3. HP: 19/19 MP: 6/6
  1375 | D:2      | Learned a level 3 spell: Confuse
  1412 | D:2      | Reached XP level 4. HP: 24/24 MP: 3/7
  1531 | D:2      | Reached skill level 5 in Stealth
  2335 | D:2      | Reached XP level 5. HP: 25/28 MP: 5/9
  2340 | D:2      | Learned a level 3 spell: Tukima's Dance
  2816 | D:3      | Found a basalt altar of Yredelemnul.
  2865 | D:3      | Noticed Sigmund
  2878 | D:3      | Slain by Sigmund

Levels and vault maps discovered:
D:1:      onia_arrival_mini_maze, layout_basic, hangedman_decor_lopped,
          st_stairs_1, minmay_octomino_c4
D:2:      layout_basic, first_ration
D:3:      layout_rooms, portal_sewer_entry_c, lemuel_altar_in_water2,
          uniq_sigmund

Skill      XL: |  1  2  3  4 |
---------------+-------------+-----
Dodging        | 3 |  3.2
Short Blades   | 2 |  2.3
Stealth        | 5 |  5.5
Fighting       | |  0.3
Armour         | |  0.6
Spellcasting   | |  2.7
Hexes          | |  3.6

Action                   |  1- 3 |  4- 6 || total
-------------------------+-------+-------++-------
Melee: Dagger            |   113 |    94 ||   207
 Cast: Confuse           |     1 |     7 ||     8
  Use: Potion            |       |     1 ||     1
 Stab: Sleeping          |     8 |     6 ||    14
       Confused          |     1 |     6 ||     7
  Eat: Chunk             |     8 |     4 ||    12
Armor: Robe              |    21 |       ||    21
       Leather armour    |       |    20 ||    20
Dodge: Dodged            |    91 |    55 ||   146

Table legend:
 A = Non-vault XP
 B = Vault XP
 C = Vault XP percentage of total XP
 D = Non-vault monster count
 E = Vault monster count
 F = Vault count percentage of total count
                 A         B        C        D         E       F
            +---------+---------+-------+---------+---------+-------
      Total |     172 |      12 |   6.5 |      59 |       9 |  13.2
            +---------+---------+-------+---------+---------+-------
        D:1 |      46 |      12 |  20.7 |      26 |       9 |  25.7
        D:2 |      96 |       0 |   0.0 |      18 |       0 |   0.0
        D:3 |      30 |       0 |   0.0 |      15 |       0 |   0.0
            +---------+---------+-------+---------+---------+-------
